[Event "9th Amsterdam Science Park A 2019"]
[Site "Amsterdam"]
[Date "2019.07.11"]
[Round "6.4"]
[White "Arnaudov, G. Petar"]
[Black "Tirelli, Mauro"]
[Result "1-0"]
[ECO "A35"]
[WhiteElo "2478"]
[BlackElo "2247"]
[Annotator "ChessBase"]
[PlyCount "45"]
[EventDate "2019.07.06"]
[EventType "swiss"]
[EventCountry "NED"]
[SourceTitle "playchess.com"]
[Source "ChessBase"]
[SourceQuality "1"]
[TimeControl "40/5400+30:1800+30"]

1. Nf3 c5 2. c4 Nc6 3. Nc3 Nf6 4. e3 e6 5. d4 d5 6. cxd5 exd5 7. Bb5 Bd6 8. dxc5 Bxc5 9. O-O O-O 10. b3 Bg4 11. Bb2 Rc8 12. Rc1 Bd6 13. Ne2 Ne4 14. Ng3 Re8 15. Be2 Bb8 16. Nd4 Be6 17. Nxc6 bxc6 18. Ba6 Rc7 19. Be5 Nd6 20. Qd4 f6 21. Bf4 Bc8 22. Bxc8 Rxc8 23. Rxc6 1-0

[Event "9th Amsterdam Science Park A 2019"]
[Site "Amsterdam"]
[Date "2019.07.11"]
[Round "6.5"]
[White "Bosboom, Manuel"]
[Black "Elgersma, Onno"]
[Result "1/2-1/2"]
[ECO "A15"]
[WhiteElo "2418"]
[BlackElo "2232"]
[Annotator "NA"]
[PlyCount "110"]
[EventDate "2019.07.06"]
[EventType "swiss"]
[EventCountry "NED"]
[SourceTitle "playchess.com"]
[Source "ChessBase"]
[SourceQuality "1"]
[TimeControl "40/5400+30:1800+30"]

1. c4 Nf6 2. Nf3 e6 3. g3 d5 4. Bg2 Be7 5. Qc2 c5 6. d3 Nc6 7. a3 O-O 8. O-O d4 9. b4 cxb4 10. axb4 Nxb4 11. Qb3 Nc6 12. Ba3 e5 13. Nbd2 Rb8 14. Rfb1 Bxa3 15. Qxa3 a6 16. Rb2 Qc7 17. Rab1 h6 18. Ne1 b6 19. Nc2 Rd8 20. Nb4 Nxb4 21. Rxb4 b5 22. h3 Bd7 23. Qxa6 bxc4 24. Nxc4 Be6 25. Rxb8 Rxb8 26. Rc1 Nd5 27. Kh2 Nc3 28. Rc2 Bxc4 29. dxc4 Rc8 30. Rd2 Qxc4 31. Qd6 Qc5 32. Qd7 Qc7 33. Qf5 Rd8 34. Rb2 Rb8 35. Rc2 g6 36. Qd3 Rd8 37. e3 Qb6 38. exd4 exd4 39. h4 h5 40. Qd2 Kg7 41. Bf3 Qf6 42. Kg2 Rd6 43. Qd3 Qe5 44. Rc1 Rf6 45. Ra1 Qf5 46. Qxf5 Rxf5 47. Ra7 Kf6 48. Rc7 Ke5 49. Rc5+ Ke6 50. Rc6+ Ke5 51. Rc5+ Ke6 52. Rc6+ Ke7 53. Rc7+ Kd8 54. Rc4 Nb5 55. Bc6 d3 1/2-1/2

[Event "9th Amsterdam Science Park A 2019"]
[Site "Amsterdam"]
[Date "2019.07.11"]
[Round "6.6"]
[White "Wunnink, Michael"]
[Black "De Ruiter, Danny"]
[Result "1-0"]
[ECO "A48"]
[WhiteElo "2214"]
[BlackElo "2310"]
[Annotator "NA"]
[PlyCount "55"]
[EventDate "2019.07.06"]
[EventType "swiss"]
[EventCountry "NED"]
[SourceTitle "playchess.com"]
[Source "ChessBase"]
[SourceQuality "1"]
[TimeControl "40/5400+30:1800+30"]

1. d4 Nf6 2. Nf3 g6 3. c4 Bg7 4. Nc3 d5 5. cxd5 Nxd5 6. Bg5 Nxc3 7. bxc3 O-O 8. e3 c5 9. Bd3 Qa5 10. O-O cxd4 11. cxd4 Nc6 12. Be4 e5 13. d5 f5 14. Bc2 Nb4 15. Bb3 e4 16. d6+ Kh8 17. Be7 Bd7 18. Ng5 h6 19. Nf7+ Kh7 20. Bxf8 Rxf8 21. Rc1 Nc6 22. Bd5 Bf6 23. Qb3 Qb6 24. Rb1 Qxb3 25. Rxb3 Na5 26. Ra3 Nc6 27. Rb1 b6 28. Bxc6 1-0

[Event "9th Amsterdam Science Park A 2019"]
[Site "Amsterdam"]
[Date "2019.07.11"]
[Round "6.7"]
[White "Floor, Dirk"]
[Black "De Rover, Yong Hoon"]
[Result "0-1"]
[ECO "E73"]
[WhiteElo "2184"]
[BlackElo "2391"]
[Annotator "NA"]
[PlyCount "88"]
[EventDate "2019.07.06"]
[EventType "swiss"]
[EventCountry "NED"]
[SourceTitle "playchess.com"]
[Source "ChessBase"]
[SourceQuality "1"]
[TimeControl "40/5400+30:1800+30"]

1. d4 Nf6 2. c4 g6 3. Nc3 Bg7 4. e4 d6 5. Be2 O-O 6. Be3 e5 7. d5 Na6 8. h4 Nc5 9. Bxc5 dxc5 10. h5 Ne8 11. h6 Bf6 12. Nf3 Nd6 13. Qd3 Bd7 14. Qe3 b6 15. a4 Qc8 16. Kd1 Re8 17. Kc2 Bd8 18. Ng5 f5 19. Ne6 Bxe6 20. dxe6 Qxe6 21. b3 c6 22. Bf3 Nf7 23. exf5 gxf5 24. Bh5 Bf6 25. g4 Red8 26. Bxf7+ Kxf7 27. Rh5 e4 28. Rxf5 Rd3 29. Rxf6+ Qxf6 30. Nxe4 Rxe3 31. Nxf6 Re2+ 32. Kd3 Rxf2 33. Ne4 Rf3+ 34. Ke2 Rf4 35. Ke3 Rxg4 36. Rf1+ Ke7 37. a5 Re8 38. Nf6 Rf8 39. Nxg4 Rxf1 40. Ne5 Kd6 41. Nf3 Ke6 42. Kf4 Kf6 43. Ke4 Rb1 44. axb6 axb6 0-1

[Event "9th Amsterdam Science Park A 2019"]
[Site "Amsterdam"]
[Date "2019.07.11"]
[Round "6.8"]
[White "Belous, Mikhail"]
[Black "Van der Velde, Henk"]
[Result "1-0"]
[ECO "D12"]
[WhiteElo "2289"]
[BlackElo "2135"]
[Annotator "NA"]
[PlyCount "73"]
[EventDate "2019.07.06"]
[EventType "swiss"]
[EventCountry "NED"]
[SourceTitle "playchess.com"]
[Source "ChessBase"]
[SourceQuality "1"]
[TimeControl "40/5400+30:1800+30"]

1. d4 d5 2. c4 c6 3. e3 Nf6 4. Nf3 Bf5 5. Nc3 e6 6. Nh4 Be4 7. f3 Bg6 8. Qb3 Qc7 9. cxd5 cxd5 10. Bd2 Nc6 11. Nxg6 hxg6 12. O-O-O a6 13. Kb1 Bd6 14. e4 Nxd4 15. Qa4+ Nc6 16. Bg5 O-O 17. Bxf6 gxf6 18. exd5 Ne5 19. dxe6 fxe6 20. Qb3 Kf7 21. Be2 Rfe8 22. Rhe1 Kg7 23. h4 b5 24. Ne4 Bf8 25. Rc1 Qb6 26. g4 Nc6 27. g5 Nd4 28. gxf6+ Kf7 29. Qe3 e5 30. h5 Rac8 31. hxg6+ Kxg6 32. Qg5+ Kf7 33. Qh5+ Ke6 34. Qg4+ Nf5 35. Ng3 Rxc1+ 36. Rxc1 Kxf6 37. Qxf5+ 1-0

[Event "9th Amsterdam Science Park A 2019"]
[Site "Amsterdam"]
[Date "2019.07.11"]
[Round "6.9"]
[White "De Groote, Ewoud"]
[Black "Bogaard, Milo"]
[Result "1-0"]
[ECO "A81"]
[WhiteElo "2225"]
[BlackElo "2100"]
[Annotator "NA"]
[PlyCount "63"]
[EventDate "2019.07.06"]
[EventType "swiss"]
[EventCountry "NED"]
[SourceTitle "playchess.com"]
[Source "ChessBase"]
[SourceQuality "1"]
[TimeControl "40/5400+30:1800+30"]

1. d4 f5 2. g3 Nf6 3. Bg2 e6 4. Nf3 d5 5. O-O Bd6 6. c4 c6 7. b3 Qe7 8. Ne5 O-O 9. Bf4 Nh5 10. e3 Nxf4 11. exf4 Bxe5 12. fxe5 b6 13. cxd5 cxd5 14. Nc3 Qd7 15. Qf3 Rd8 16. Rfd1 Nc6 17. Bf1 a6 18. Rac1 Ne7 19. Na4 Qb7 20. Qc3 b5 21. Nc5 Qb6 22. a4 b4 23. Qd2 Nc6 24. g4 fxg4 25. Qf4 Rf8 26. Qxg4 Nd8 27. Bd3 Ra7 28. Kh1 Rxf2 29. Rg1 Raf7 30. Qh5 R2f4 31. Bxh7+ Kf8 32. Bg6 1-0

[Event "9th Amsterdam Science Park A 2019"]
[Site "Amsterdam"]
[Date "2019.07.11"]
[Round "6.10"]
[White "Honkoop, Gilian"]
[Black "Baarslag, Ed"]
[Result "1/2-1/2"]
[ECO "D00"]
[WhiteElo "2003"]
[BlackElo "2220"]
[Annotator "NA"]
[PlyCount "64"]
[EventDate "2019.07.06"]
[EventType "swiss"]
[EventCountry "NED"]
[SourceTitle "playchess.com"]
[Source "ChessBase"]
[SourceQuality "1"]
[TimeControl "40/5400+30:1800+30"]

1. d4 d5 2. Bf4 Nf6 3. e3 e6 4. Nd2 b6 5. Ngf3 Bd6 6. Bg3 Bb7 7. Bd3 Nbd7 8. c3 Ne4 9. Bxd6 Nxd6 10. Qc2 Nf6 11. O-O O-O 12. Ne5 c5 13. Rae1 Rc8 14. Qb1 Nfe4 15. Nxe4 dxe4 16. Be2 f6 17. Nc4 cxd4 18. Nxd6 Qxd6 19. exd4 e5 20. dxe5 fxe5 21. Qc1 Qg6 22. Qe3 Rf4 23. f3 Rcf8 24. fxe4 Bxe4 25. g3 Kh8 26. Bb5 h5 27. Rxf4 Rxf4 28. Rf1 Rxf1+ 29. Bxf1 Qc6 30. Qe2 Qc5+ 31. Qf2 Qd5 32. a3 Kh7 1/2-1/2

[Event "9th Amsterdam Science Park A 2019"]
[Site "Amsterdam"]
[Date "2019.07.11"]
[Round "6.11"]
[White "Keuning, Selwin"]
[Black "Dimitrijeski, Kristian"]
[Result "1/2-1/2"]
[ECO "C48"]
[WhiteElo "2078"]
[BlackElo "2186"]
[Annotator "NA"]
[PlyCount "53"]
[EventDate "2019.07.06"]
[EventType "swiss"]
[EventCountry "NED"]
[SourceTitle "playchess.com"]
[Source "ChessBase"]
[SourceQuality "1"]
[TimeControl "40/5400+30:1800+30"]

1. e4 e5 2. Nf3 Nc6 3. Nc3 Nf6 4. Bb5 Nd4 5. Ba4 Nxf3+ 6. Qxf3 Bc5 7. d3 O-O 8. Ne2 c6 9. c3 d5 10. h3 Be6 11. O-O Nd7 12. Ng3 Qh4 13. Nf5 dxe4 14. dxe4 Qf6 15. Bc2 Bxf5 16. exf5 Rfe8 17. Re1 Qh4 18. Bd2 Nf6 19. Rad1 Rad8 20. Bc1 Rxd1 21. Rxd1 e4 22. Qf4 Qxf4 23. Bxf4 Nd5 24. Bc1 e3 25. fxe3 Bxe3+ 26. Bxe3 Nxe3 27. Rd2 1/2-1/2

[Event "9th Amsterdam Science Park A 2019"]
[Site "Amsterdam"]
[Date "2019.07.11"]
[Round "6.12"]
[White "Smirnova, Ekaterina"]
[Black "Mienis, Dennis"]
[Result "1-0"]
[ECO "D32"]
[WhiteElo "2184"]
[BlackElo "1993"]
[Annotator "NA"]
[PlyCount "104"]
[EventDate "2019.07.06"]
[EventType "swiss"]
[EventCountry "NED"]
[SourceTitle "playchess.com"]
[Source "ChessBase"]
[SourceQuality "1"]
[TimeControl "40/5400+30:1800+30"]

1. d4 d5 2. c4 e6 3. Nc3 c5 4. cxd5 exd5 5. dxc5 d4 6. Ne4 Qd5 7. Nd6+ Bxd6 8. cxd6 Qxd6 9. Nf3 Nc6 10. g3 Nf6 11. Bg2 Qb4+ 12. Qd2 Qb6 13. O-O O-O 14. e3 Rd8 15. Nxd4 Nxd4 16. exd4 Be6 17. b3 Rxd4 18. Qb2 Rd7 19. Be3 Qa5 20. Rfd1 Rad8 21. Rxd7 Rxd7 22. Rc1 Qd8 23. Qc2 a6 24. h3 Nd5 25. Bd2 Rc7 26. Qb2 Qc8 27. Rxc7 Qxc7 28. Qd4 Qc6 29. Kh2 h6 30. f4 f6 31. a4 b6 32. b4 b5 33. axb5 Qxb5 34. Qe4 Nc7 35. Qc2 Qc4 36. Qxc4 Bxc4 37. g4 Kf7 38. Kg3 g5 39. f5 Nd5 40. Kf3 Ke7 41. Ke4 Kd6 42. Kd4 Bb3 43. Be1 Nf4 44. Bg3 Ba4 45. Bf1 Bc6 46. Bxa6 Bg2 47. Ke3 Bxh3 48. Bxf4+ gxf4+ 49. Kxf4 Bg2 50. Be2 Kd5 51. Bf3+ Bxf3 52. Kxf3 Kc4 1-0

[Event "9th Amsterdam Science Park A 2019"]
[Site "Amsterdam"]
[Date "2019.07.12"]
[Round "7.2"]
[White "Zwirs, Nico"]
[Black "Arnaudov, G. Petar"]
[Result "1/2-1/2"]
[ECO "C50"]
[WhiteElo "2380"]
[BlackElo "2478"]
[Annotator "ChessBase"]
[PlyCount "57"]
[EventDate "2019.07.06"]
[EventType "swiss"]
[EventCountry "NED"]
[SourceTitle "playchess.com"]
[Source "ChessBase"]
[SourceQuality "1"]
[TimeControl "40/5400+30:1800+30"]

1. e4 e5 2. Nf3 Nc6 3. Bc4 Bc5 4. d3 Nf6 5. O-O d6 6. c3 a6 7. Bb3 h6 8. Re1 Ba7 9. Be3 Bxe3 10. Rxe3 O-O 11. Nbd2 d5 12. Re1 dxe4 13. dxe4 Nd7 14. Nc4 Qf6 15. Ne3 Nc5 16. Nd5 Qd6 17. Qe2 Nxb3 18. axb3 Ne7 19. Rad1 Nxd5 20. Rxd5 Qb6 21. Nxe5 Qxb3 22. Nd7 c6 23. Nxf8 cxd5 24. exd5 Qxd5 25. Qe8 Bh3 26. Ng6+ Rxe8 27. Rxe8+ Kh7 28. Nf8+ Kg8 29. Ng6+ 1/2-1/2

[Event "9th Amsterdam Science Park A 2019"]
[Site "Amsterdam"]
[Date "2019.07.12"]
[Round "7.3"]
[White "Van der Lende, Ilias"]
[Black "Wunnink, Michael"]
[Result "1-0"]
[ECO "A14"]
[WhiteElo "2350"]
[BlackElo "2214"]
[Annotator "NA"]
[PlyCount "87"]
[EventDate "2019.07.06"]
[EventType "swiss"]
[EventCountry "NED"]
[SourceTitle "playchess.com"]
[Source "ChessBase"]
[SourceQuality "1"]
[TimeControl "40/5400+30:1800+30"]

1. c4 e6 2. Nf3 Nf6 3. g3 d5 4. Bg2 Be7 5. O-O O-O 6. d4 dxc4 7. Qc2 b5 8. a4 b4 9. Bg5 c6 10. Nbd2 c3 11. bxc3 bxc3 12. Bxf6 Bxf6 13. Qxc3 Ba6 14. Rfe1 Nd7 15. Qxc6 Nb6 16. e3 Rc8 17. Qe4 Nd5 18. Bf1 Nc3 19. Qg4 Bb7 20. a5 g6 21. h4 h5 22. Qh3 a6 23. Bg2 Ne4 24. Nxe4 Bxe4 25. Nd2 Bf5 26. Qh1 e5 27. e4 Bg4 28. d5 Rc2 29. Nf1 Rc5 30. Bh3 Rxa5 31. Bxg4 hxg4 32. Ne3 Rxa1 33. Rxa1 Qc8 34. Kg2 Bd8 35. Rc1 Qd7 36. Rc6 Kg7 37. Qa1 Re8 38. Qxa6 Kh7 39. Rd6 Qc7 40. Qc6 Rf8 41. Rd7 Qa5 42. Qd6 Kg8 43. Nxg4 Bb6 44. h5 1-0

[Event "9th Amsterdam Science Park A 2019"]
[Site "Amsterdam"]
[Date "2019.07.12"]
[Round "7.4"]
[White "Elgersma, Onno"]
[Black "Meshkovs, Nikita"]
[Result "0-1"]
[ECO "B03"]
[WhiteElo "2232"]
[BlackElo "2550"]
[Annotator "ChessBase"]
[PlyCount "110"]
[EventDate "2019.07.06"]
[EventType "swiss"]
[EventCountry "NED"]
[SourceTitle "playchess.com"]
[Source "ChessBase"]
[SourceQuality "1"]
[TimeControl "40/5400+30:1800+30"]

1. e4 Nf6 2. e5 Nd5 3. d4 d6 4. c4 Nb6 5. exd6 exd6 6. Bd3 Nc6 7. Ne2 Nb4 8. O-O Be7 9. Nbc3 Nxd3 10. Qxd3 O-O 11. b3 Re8 12. Nf4 c6 13. Re1 Bd7 14. Ba3 Bf8 15. Rxe8 Qxe8 16. Ne4 d5 17. Ng5 g6 18. Bxf8 Qxf8 19. cxd5 Qe7 20. Nf3 Nxd5 21. Nxd5 cxd5 22. Re1 Qb4 23. h3 Rc8 24. Qe3 Re8 25. Qd2 Rxe1+ 26. Qxe1 Qxe1+ 27. Nxe1 Bf5 28. Nf3 Bb1 29. a3 f6 30. h4 a5 31. Kh2 Bc2 32. Nd2 Kf7 33. g4 h6 34. Kg3 Ke6 35. Kf4 Bd1 36. f3 Kd6 37. Ke3 Kc6 38. Kd3 g5 39. hxg5 hxg5 40. Kc3 Be2 41. a4 b6 42. Kb2 Kd6 43. b4 Bd1 44. Ka3 Kc7 45. bxa5 bxa5 46. Kb2 Bxa4 47. Kc1 Bb5 48. Kd1 a4 49. Nb1 Bd3 50. Nc3 Bc4 51. Nb1 Kb6 52. Kd2 Ka5 53. Kc3 Be2 54. Nd2 Kb5 55. Kc2 Kb4 0-1

[Event "9th Amsterdam Science Park A 2019"]
[Site "Amsterdam"]
[Date "2019.07.12"]
[Round "7.5"]
[White "Belous, Mikhail"]
[Black "Gleizerov, Evgeny"]
[Result "0-1"]
[ECO "A90"]
[WhiteElo "2289"]
[BlackElo "2498"]
[Annotator "ChessBase"]
[PlyCount "100"]
[EventDate "2019.07.06"]
[EventType "swiss"]
[EventCountry "NED"]
[SourceTitle "playchess.com"]
[Source "ChessBase"]
[SourceQuality "1"]
[TimeControl "40/5400+30:1800+30"]

1. d4 e6 2. c4 f5 3. g3 Nf6 4. Bg2 d5 5. Nf3 Be7 6. O-O O-O 7. Qc2 Ne4 8. Nc3 c6 9. Bf4 Nd7 10. Rad1 Nd6 11. c5 Nf7 12. b4 g5 13. Bc1 b6 14. Ne1 bxc5 15. bxc5 a5 16. Nd3 Ba6 17. Kh1 Bf6 18. Be3 Qc7 19. f3 e5 20. Nxe5 Nfxe5 21. dxe5 Qxe5 22. Bd4 Qe7 23. Bxf6 Qxf6 24. f4 g4 25. Nxd5 cxd5 26. Bxd5+ Kh8 27. Bxa8 Rxa8 28. Rd6 Qe7 29. Rfd1 Nf8 30. R1d2 Bc8 31. c6 Be6 32. e4 Rc8 33. exf5 Bf7 34. Qc3+ Kg8 35. Qe5 Qa7 36. Kg2 Re8 37. Qd4 Qa6 38. Kf2 Qb5 39. f6 Qh5 40. Kg1 Re1+ 41. Kf2 Rc1 42. Ke3 Re1+ 43. Kf2 Rc1 44. Ke3 Qb5 45. Re2 Rc4 46. Qe5 Qb6+ 47. Kd2 Ng6 48. c7 Qxc7 49. Ra6 Qd7+ 50. Rd6 Nxe5 0-1

[Event "9th Amsterdam Science Park A 2019"]
[Site "Amsterdam"]
[Date "2019.07.12"]
[Round "7.6"]
[White "Smirnova, Ekaterina"]
[Black "Bosboom, Manuel"]
[Result "0-1"]
[ECO "A40"]
[WhiteElo "2184"]
[BlackElo "2418"]
[Annotator "NA"]
[PlyCount "78"]
[EventDate "2019.07.06"]
[EventType "swiss"]
[EventCountry "NED"]
[SourceTitle "playchess.com"]
[Source "ChessBase"]
[SourceQuality "1"]
[TimeControl "40/5400+30:1800+30"]

1. d4 e6 2. c4 b6 3. a3 Bb7 4. Nc3 g6 5. e4 Bg7 6. Nf3 Ne7 7. Be2 d6 8. O-O Nd7 9. Be3 h6 10. h4 Nf6 11. Nd2 h5 12. b4 O-O 13. Rc1 Nh7 14. c5 d5 15. e5 bxc5 16. bxc5 Nf5 17. g3 Nxe3 18. fxe3 Bh6 19. Rf3 g5 20. hxg5 Qxg5 21. Kg2 f6 22. c6 Bxc6 23. Na2 Be8 24. Rxc7 Bg6 25. exf6 Nxf6 26. Rf4 Rae8 27. Nf3 Ng4 28. Nxg5 Nxe3+ 29. Kh3 Nxd1 30. Rxf8+ Rxf8 31. Nxe6 Rf2 32. Bxd1 Bf5+ 33. g4 Bxe6 34. Nb4 Bf4 35. Rc2 Rf1 36. Be2 Rg1 37. Rc3 hxg4+ 38. Bxg4 Bxg4+ 39. Kh4 Bf5 0-1

[Event "9th Amsterdam Science Park A 2019"]
[Site "Amsterdam"]
[Date "2019.07.12"]
[Round "7.7"]
[White "De Rover, Yong Hoon"]
[Black "De Groote, Ewoud"]
[Result "1/2-1/2"]
[ECO "A40"]
[WhiteElo "2391"]
[BlackElo "2225"]
[Annotator "NA"]
[PlyCount "77"]
[EventDate "2019.07.06"]
[EventType "swiss"]
[EventCountry "NED"]
[SourceTitle "playchess.com"]
[Source "ChessBase"]
[SourceQuality "1"]
[TimeControl "40/5400+30:1800+30"]

1. d4 Nf6 2. c4 e6 3. g3 d5 4. Nf3 a6 5. Bg2 dxc4 6. O-O Nc6 7. e3 Bd7 8. Qe2 Bd6 9. Qxc4 O-O 10. Rd1 Qe7 11. Nc3 Rfd8 12. Qe2 h6 13. h3 Rab8 14. b3 e5 15. d5 Na7 16. a4 c6 17. dxc6 Nxc6 18. Nd2 Be6 19. Nc4 Bb4 20. Bb2 Na5 21. Nxe5 Nxb3 22. Rxd8+ Rxd8 23. Rd1 Nc5 24. Kh2 Bb3 25. Rxd8+ Qxd8 26. Ng4 Ba5 27. Nxf6+ Qxf6 28. Ne4 Qf5 29. Nxc5 Qxc5 30. Bxb7 Qc2 31. Qxc2 Bxc2 32. Bc6 Bb4 33. Kg2 f6 34. f3 Kf7 35. Kf2 Ke7 36. g4 Kd6 37. Be8 Ke7 38. Bc6 Kd6 39. Be8 {[%emt 0:01:00] Ke5} 1/2-1/2

[Event "9th Amsterdam Science Park A 2019"]
[Site "Amsterdam"]
[Date "2019.07.12"]
[Round "7.8"]
[White "Tirelli, Mauro"]
[Black "Keuning, Selwin"]
[Result "0-1"]
[ECO "B36"]
[WhiteElo "2247"]
[BlackElo "2078"]
[Annotator "NA"]
[PlyCount "80"]
[EventDate "2019.07.06"]
[EventType "swiss"]
[EventCountry "NED"]
[SourceTitle "playchess.com"]
[Source "ChessBase"]
[SourceQuality "1"]
[TimeControl "40/5400+30:1800+30"]

1. e4 c5 2. Nf3 g6 3. d4 cxd4 4. Nxd4 Nc6 5. c4 Nf6 6. Nc3 d6 7. Be2 Nxd4 8. Qxd4 Bg7 9. O-O O-O 10. Bg5 Be6 11. Rac1 Nd5 12. Qd1 Nxc3 13. bxc3 Re8 14. Qa4 Qd7 15. Qb4 Qc6 16. Bd3 Rac8 17. Rfe1 b6 18. Qa3 Qc5 19. Qxc5 Rxc5 20. Be3 Rcc8 21. c5 bxc5 22. c4 Rb8 23. Rb1 Rb4 24. Rec1 Reb8 25. Rxb4 Rxb4 26. Kf1 f5 27. exf5 gxf5 28. Rc2 Bd7 29. Ke2 Ba4 30. Rc1 Rb2+ 31. Kf3 e6 32. Rb1 Rxa2 33. Rb8+ Kf7 34. Rc8 Be5 35. g3 Bd7 36. Rc7 Ke8 37. Bg5 d5 38. Rb7 dxc4 39. Bxc4 Bc6+ 40. Ke3 Bd4+ 0-1

[Event "9th Amsterdam Science Park A 2019"]
[Site "Amsterdam"]
[Date "2019.07.12"]
[Round "7.9"]
[White "Baarslag, Ed"]
[Black "Elgersma, Simon"]
[Result "1-0"]
[ECO "D31"]
[WhiteElo "2220"]
[BlackElo "2130"]
[Annotator "NA"]
[PlyCount "101"]
[EventDate "2019.07.06"]
[EventType "swiss"]
[EventCountry "NED"]
[SourceTitle "playchess.com"]
[Source "ChessBase"]
[SourceQuality "1"]
[TimeControl "40/5400+30:1800+30"]

1. d4 d5 2. c4 e6 3. Nc3 a6 4. cxd5 exd5 5. Bf4 Nf6 6. e3 Bd6 7. Bxd6 Qxd6 8. Bd3 O-O 9. Nge2 Re8 10. Qc2 b6 11. Ng3 Bb7 12. O-O c5 13. Rad1 Nbd7 14. Rfe1 Rac8 15. Bf5 g6 16. dxc5 Rxc5 17. Bxd7 Qxd7 18. Qa4 b5 19. Qd4 Qc6 20. f3 Rc4 21. Qd3 Qc5 22. Kf2 h5 23. Nce2 h4 24. Nf1 Bc8 25. Nd4 Qc7 26. Kg1 Qe5 27. b3 Rc7 28. Rc1 Rxc1 29. Rxc1 Qg5 30. f4 Qh5 31. h3 Ne4 32. Qe2 Qh6 33. Nd2 Ng3 34. Qf3 g5 35. Rc6 Qg7 36. fxg5 Qxg5 37. Qf4 Qg7 38. N2f3 Bd7 39. Rc7 Bxh3 40. Ng5 Be6 41. Qxh4 Nf5 42. Nxf5 Bxf5 43. Nxf7 Kf8 44. Qb4+ Kg8 45. Qf4 Qa1+ 46. Kh2 Bg6 47. Qg5 Re6 48. Qd8+ Kh7 49. Ne5+ Kh6 50. Qh4+ Bh5 51. Qf4# 1-0

[Event "9th Amsterdam Science Park A 2019"]
[Site "Amsterdam"]
[Date "2019.07.12"]
[Round "7.10"]
[White "Dimitrijeski, Kristian"]
[Black "Cornelisse, Ticho"]
[Result "1-0"]
[ECO "A41"]
[WhiteElo "2186"]
[BlackElo "2067"]
[Annotator "NA"]
[PlyCount "66"]
[EventDate "2019.07.06"]
[EventType "swiss"]
[EventCountry "NED"]
[SourceTitle "playchess.com"]
[Source "ChessBase"]
[SourceQuality "1"]
[TimeControl "40/5400+30:1800+30"]

1. d4 d6 2. Nf3 g6 3. c4 Bg7 4. Nc3 Nc6 5. d5 Ne5 6. Nxe5 Bxe5 7. Qc2 Bg7 8. e4 e5 9. Bd3 Ne7 10. O-O O-O 11. f4 f5 12. fxe5 fxe4 13. Rxf8+ Qxf8 14. Nxe4 Bxe5 15. Bg5 Bf5 16. Rf1 Qg7 17. b3 Rf8 18. Qe2 Bd7 19. Rxf8+ Qxf8 20. g4 Kg7 21. Kg2 Ng8 22. h3 Nf6 23. Qe3 Qb8 24. Bh6+ Kh8 25. Ng5 Qe8 26. Nf3 b6 27. Nxe5 dxe5 28. Qf2 Qe7 29. Bg5 Kg7 30. Qh4 Qd6 31. Qh6+ Kf7 32. Bxf6 Qxf6 33. Qxh7+ Kf8 1-0

[Event "9th Amsterdam Science Park A 2019"]
[Site "Amsterdam"]
[Date "2019.07.12"]
[Round "7.11"]
[White "De Jong, Tom"]
[Black "Honkoop, Gilian"]
[Result "1-0"]
[ECO "C84"]
[WhiteElo "2176"]
[BlackElo "2003"]
[Annotator "NA"]
[PlyCount "57"]
[EventDate "2019.07.06"]
[EventType "swiss"]
[EventCountry "NED"]
[SourceTitle "playchess.com"]
[Source "ChessBase"]
[SourceQuality "1"]
[TimeControl "40/5400+30:1800+30"]

1. e4 e5 2. Nf3 Nc6 3. Bb5 a6 4. Ba4 Nf6 5. O-O Be7 6. d3 b5 7. Bb3 d6 8. a3 O-O 9. Nc3 Nb8 10. h3 Nbd7 11. Be3 c5 12. Nh4 Nb6 13. f4 Ng4 14. hxg4 exf4 15. Bxf4 Bxh4 16. Qe2 Bf6 17. Be3 c4 18. Ba2 d5 19. exd5 Nxd5 20. Nxd5 Qxd5 21. dxc4 Qe5 22. Qf3 Bb7 23. Qf4 Qxb2 24. cxb5 axb5 25. g5 Ra4 26. Qf2 Be5 27. g6 Rg4 28. Qxf7+ Rxf7 29. gxf7+ {[%emt 0:00:17] Rf4} 1-0

[Event "9th Amsterdam Science Park A 2019"]
[Site "Amsterdam"]
[Date "2019.07.12"]
[Round "7.12"]
[White "Vereggen, Lars"]
[Black "Van der Velde, Henk"]
[Result "1-0"]
[ECO "D12"]
[WhiteElo "2370"]
[BlackElo "2135"]
[Annotator "NA"]
[PlyCount "95"]
[EventDate "2019.07.06"]
[EventType "swiss"]
[EventCountry "NED"]
[SourceTitle "playchess.com"]
[Source "ChessBase"]
[SourceQuality "1"]
[TimeControl "40/5400+30:1800+30"]

1. d4 d5 2. Nf3 Nf6 3. c4 c6 4. e3 Bf5 5. Nc3 e6 6. Nh4 Be4 7. f3 Bg6 8. Qb3 Qc7 9. cxd5 cxd5 10. Bd2 Nc6 11. g3 Be7 12. Ng2 h6 13. Nf4 Bh7 14. Nb5 Qd7 15. Nd3 Bxd3 16. Bxd3 a6 17. Nc3 b5 18. a4 b4 19. Ne2 O-O 20. O-O Na5 21. Qd1 Nc4 22. Bc1 a5 23. b3 Nd6 24. Ra2 Qb7 25. Bb1 g6 26. Nf4 Rfc8 27. g4 Bf8 28. Rg2 Bg7 29. h4 Nd7 30. Bb2 Rd8 31. Kh1 Ne8 32. Nd3 Qc7 33. h5 g5 34. f4 Nd6 35. fxg5 hxg5 36. Qf3 Nf6 37. Nc5 Qe7 38. h6 Bh8 39. h7+ Kf8 40. Qh3 Ke8 41. Rgf2 Nfe4 42. Bxe4 Nxe4 43. Nxe4 dxe4 44. Qh5 Ra7 45. d5 e5 46. Rf5 Rd6 47. Bxe5 Rg6 48. Bxh8 1-0

[Event "9th Amsterdam Science Park A 2019"]
[Site "Amsterdam"]
[Date "2019.07.13"]
[Round "8.1"]
[White "Ulybin, Mikhail"]
[Black "Van der Lende, Ilias"]
[Result "1/2-1/2"]
[ECO "C07"]
[WhiteElo "2469"]
[BlackElo "2350"]
[Annotator "ChessBase"]
[PlyCount "74"]
[EventDate "2019.07.06"]
[EventType "swiss"]
[EventCountry "NED"]
[SourceTitle "playchess.com"]
[Source "ChessBase"]
[SourceQuality "1"]
[TimeControl "40/5400+30:1800+30"]

1. e4 e6 2. d4 d5 3. Nd2 c5 4. Ngf3 cxd4 5. Nxd4 Nc6 6. Bb5 Bd7 7. Nxc6 Bxc6 8. Bxc6+ bxc6 9. c4 Nf6 10. Qa4 Qc7 11. exd5 exd5 12. O-O Be7 13. cxd5 Nxd5 14. Ne4 O-O 15. Bd2 Rab8 16. Qc2 Qe5 17. b3 Rfc8 18. Rfe1 Nb4 19. Qc4 Qd5 20. Bf4 Rb6 21. Red1 Qxc4 22. bxc4 c5 23. Rd7 Re6 24. f3 f5 25. Nd6 Rf8 26. Rd1 Nxa2 27. Nb5 Bf6 28. Bd6 Rfe8 29. Bxc5 a5 30. Nd6 Re1+ 31. Rxe1 Rxe1+ 32. Kf2 Rd1 33. Rc7 h6 34. f4 Rd2+ 35. Kf3 Rd3+ 36. Kf2 Rd2+ 37. Kf3 Rd3+ {[%emt 0:00:09] Ke4} 1/2-1/2

[Event "9th Amsterdam Science Park A 2019"]
[Site "Amsterdam"]
[Date "2019.07.13"]
[Round "8.2"]
[White "Ten Hertog, Hugo"]
[Black "Arnaudov, G. Petar"]
[Result "1-0"]
[ECO "A00"]
[WhiteElo "2484"]
[BlackElo "2478"]
[Annotator "ChessBase"]
[PlyCount "81"]
[EventDate "2019.07.06"]
[EventType "swiss"]
[EventCountry "NED"]
[SourceTitle "playchess.com"]
[Source "ChessBase"]
[SourceQuality "1"]
[TimeControl "40/5400+30:1800+30"]

1. g3 d5 2. Bg2 Nf6 3. d3 c5 4. Nf3 Nc6 5. O-O e6 6. c4 Be7 7. a3 O-O 8. Qc2 b6 9. b4 Bb7 10. bxc5 bxc5 11. Nbd2 d4 12. Rb1 Rb8 13. Nb3 Nd7 14. e3 e5 15. Re1 Bd6 16. exd4 exd4 17. Ng5 Nf6 18. Bd2 h6 19. Nf3 Ba8 20. Qc1 Nd7 21. Bf4 Qf6 22. Bxd6 Qxd6 23. Qf4 Qxf4 24. gxf4 g6 25. Nfd2 Rb6 26. Bh3 f5 27. Bg2 Kg7 28. Re6 Rf6 29. Rbe1 a5 30. a4 Rb8 31. Bd5 Rc8 32. Re7+ Nxe7 33. Rxe7+ Kf8 34. Rxd7 Bc6 35. Rh7 Bxd5 36. cxd5 Kg8 37. Rd7 Rf7 38. Rxf7 Kxf7 39. Nc4 Ke7 40. Nbxa5 Ra8 41. Nc6+ 1-0